 Dungeon Crawl Stone Soup version 0.26-a0-52-gd53d4cd (webtiles) character file.

Game seed: 16805845842158244916

21 poiuyt0418 the Stinger (level 2, -1/19 HPs)
             Began as a Demonspawn Venom Mage on June 5, 2020.
             Slain by an ooze (3 damage)
             ... on level 1 of the Dungeon.
             The game lasted 00:01:23 (1127 turns).

poiuyt0418 the Stinger (Demonspawn Venom Mage)      Turns: 1127, Time: 00:01:24

Health: -1/19      AC:  2    Str:  8    XL:     2   Next: 62%
Magic:  3/5        EV:  9    Int: 16    God:
Gold:   7          SH:  0    Dex: 13    Spells: 4/5 levels left

rFire    . . .     SeeInvis .   b - +0 mace
rCold    . . .     Gourm    .   (no shield)
rNeg     . . .     Faith    .   a - +0 robe
rPois    .         Spirit   .   (no helmet)
rElec    .         Reflect  .   (no cloak)
rCorr    .         Harm     .   (no gloves)
MR       .....                  (no boots)
Stlth    ++........             (no amulet)
HPRegen  0.06/turn              (no ring)
MPRegen  0.09/turn              (no ring)

@: constricted
A: powered by pain 1
a: no special abilities


You were on level 1 of the Dungeon.
You were not hungry.

You visited 1 branch of the dungeon, and saw 1 of its levels.

You collected 7 gold pieces.

Inventory:

Hand Weapons
 b - a +0 mace (weapon)
Armour
 a - a +0 robe (worn)
Scrolls
 d - a scroll of amnesia {unknown}
 e - a scroll of remove curse {unknown}
Comestibles
 c - 3 rations
 f - a chunk of flesh


   Skills:
 + Level 0.1 Fighting
 + Level 0.1 Maces & Flails
 + Level 2.0 Dodging
 + Level 1.9 Stealth
 + Level 2.2 Spellcasting
 + Level 1.0 Transmutations
 + Level 3.4 Poison Magic


You had 4 spell levels left.
You knew the following spells:

 Your Spells              Type           Power        Failure   Level  Hunger
a - Sting                 Tmut/Pois      #...         9%          1    #......

Your spell library contained the following spells:

 Spells                   Type           Power        Failure   Level  Hunger
 Poisonous Vapours        Pois/Air       #.....       16%         2    ###....
 Ignite Poison            Fire/Tmut/Pois #.......     32%         3    ###....
 Mephitic Cloud           Conj/Pois/Air  #.......     36%         3    ###....
 Olgreb's Toxic Radiance  Pois           ##......     43%         4    #####..


Dungeon Overview and Level Annotations

Branches:
Dungeon (1/15)

Altars:


Innate Abilities, Weirdness & Mutations

You sometimes gain a little power by taking damage.


Message History

Confirm with . or Enter, or press ? or * to list all spells.
Aiming: Sting (safe; 9% risk of failure)
Press: ? - help, Shift-Dir - straight line, f/p - ooze
Aim: an ooze (lightly wounded)
The sting hits the ooze.
The ooze partially resists.
The ooze is lightly wounded.
The ooze hits you. The giant cockroach barely misses you.
The ball python bites you. The ball python closely misses you.
The giant cockroach closely misses you.
The ball python bites you but does no damage.
The ball python grabs you. The ball python constricts you.
The giant cockroach bites you.
You escape the ball python's grasp.
The ooze hits you.
* * * LOW HITPOINT WARNING * * *
The ball python closely misses you. The ball python grabs you.
The ball python constricts you.
The ball python's grasp on you weakens, but your attempt to escape fails.
The ooze hits you.
You die...

######### ##############
#....%..# #.............
#.......# #.............
#.......###.............
#.......#...............
##.......#.........>.....
#......s.#............... ?
#.....KS@.((..........### ..
##..[...J.#''#...###.#.##. ...
+........##..##...........
....#......####''#######......
...........##......# ##.÷....
...........##.≈≈≈≈.# #...#...
.......(...##.≈≈≈≈.# #.......
...........##......####.......
............###''###..))..>#..


You could see an ooze, a giant cockroach, a ball python and a kobold.

Vanquished Creatures
  A dart slug (D:1)
  A bat (D:1)
  A giant cockroach (D:1)
  2 goblins (D:1)
  4 hobgoblins (D:1)
  3 kobolds (D:1)
  A ball python (D:1)
  A frilled lizard (D:1)
  3 rats (D:1)
17 creatures vanquished.

Notes
Turn   | Place    | Note
-------+----------+-------------------------------------------
     0 | D:1      | poiuyt0418 the Demonspawn Venom Mage began the quest for
                  | the Orb.
     0 | D:1      | Reached XP level 1. HP: 13/13 MP: 3/3
   498 | D:1      | Gained mutation: You sometimes gain a little power by
                  | taking damage. [demonic ancestry]
   498 | D:1      | Reached XP level 2. HP: 7/19 MP: 1/5
   825 | D:1      | Reached skill level 1 in Transmutations
  1127 | D:1      | Slain by an ooze

Illustrated notes

Levels and vault maps discovered:
D:1:      lightli_arrival_lavapool, layout_basic, minmay_crystal_room

Skill      XL: |  1  2 |
---------------+-------+-----
Dodging        | 2 |  2.0
Transmutations | 1 |  1.0
Fighting       | |  0.1
Maces & Flails | |  0.1
Stealth        | |  1.9
Spellcasting   | |  2.2
Poison Magic   | |  3.4

Action                   || total
-------------------------++-------
Melee: Unarmed           ||     8
       Mace              ||    31
 Cast: Sting             ||    16
 Stab: Sleeping          ||     1
  Eat: Chunk             ||     1
Armor: Robe              ||    14
Dodge: Dodged            ||    48

Table legend:
 A = Non-vault XP
 B = Vault XP
 C = Vault XP percentage of total XP
 D = Non-vault monster count
 E = Vault monster count
 F = Vault count percentage of total count
                 A         B        C        D         E       F
            +---------+---------+-------+---------+---------+-------
      Total |      30 |       0 |   0.0 |      17 |       0 |   0.0
            +---------+---------+-------+---------+---------+-------
        D:1 |      30 |       0 |   0.0 |      17 |       0 |   0.0
            +---------+---------+-------+---------+---------+-------
